 Dungeon Crawl Stone Soup version 0.30.0-29-ga12c61a403 (webtiles) character file.

Game seed: 7427463886905173999

14 monsoonserge the Trooper (level 2, -2/24 HPs)
             Began as a Demonspawn Monk on June 14, 2023.
             Slain by a gnoll
             ... wielding a +0 spear
              (4 damage)
             ... on level 2 of the Dungeon.
             The game lasted 00:01:59 (475 turns).

monsoonserge the Trooper (Demonspawn Monk)           Turns: 475, Time: 00:02:00

Health: -2/24      AC:  2    Str: 11    XL:     2   Next: 31%
Magic:  2/2        EV: 13    Int: 11    God:
Gold:   13         SH:  0    Dex: 15    Spells: 1/1 levels left

rFire   . . .        i - +2 dagger (vamp)
rCold   . . .        d - orb {light}
rNeg    . . .        b - +0 robe
rPois   .            (no helmet)
rElec   .            (no cloak)
rCorr   .            (no gloves)
SInv    .            (no boots)
Will    .....        (no amulet)
Stlth   +            (no ring)
HPRegen 0.24/turn    (no ring)
MPRegen 0.08/turn

%: no passive effects
@: glowing
A: powered by death 1
a: no special abilities


You were on level 2 of the Dungeon.
You visited 1 branch of the dungeon, and saw 2 of its levels.

You collected 13 gold pieces.

Inventory:

Hand Weapons
 i - a +2 vampiric dagger (weapon)
Missiles
 a - 4 javelins
 g - 4 poisoned darts (quivered)
Armour
 b - a +0 robe (worn)
 d - an orb of light (worn)
Scrolls
 e - a scroll of magic mapping {unknown}
Potions
 c - a potion of ambrosia
 f - 2 potions of heal wounds {unknown}


   Skills:
 + Level 3.2 Fighting
 + Level 3.1 Long Blades
 + Level 2.9 Dodging


You had one spell level left.
You didn't know any spells.
Your spell library contained the following spells:

 Spells                   Type           Power      Damage    Failure   Level
 Vhi's Electric Charge    Tloc/Air       0%         N/A       71%         3
 Arcjolt                  Conj/Air       0%         1d10      100%        5
 Plasma Beam              Fire/Air       0%         2x1d11    100%        6


Dungeon Overview and Level Annotations

Branches:
Dungeon (1/15)

Altars:

Shops:
D:1 *


Innate Abilities, Weirdness & Mutations

You regenerate a little health from kills.


Message History

A rat and a gnoll come into view.
The gnoll shouts! x2
A gnoll comes into view. It is wielding a +0 spear.
The rat moves out of view.
The gnoll shouts!
You hit the gnoll.
The gnoll is moderately wounded.
The gnoll hits you with a +0 club.
The gnoll hits you from afar with a +0 spear.
A rat comes into view.
You hit the gnoll but do no damage.
The gnoll is moderately wounded.
Something unseen opens the door.
The gnoll closely misses you.
A bat comes into view.
The gnoll closely misses you.
Found 3 stones.
The gnoll attacks as you move away! The gnoll hits you with a +0 club.
The bat barely misses you. The bat attacks as you move away!
The bat barely misses you. x2
The bat hits you. The gnoll barely misses you. The gnoll misses you.
You completely miss the gnoll.
The gnoll is moderately wounded.
The gnoll closely misses you.
The gnoll hits you from afar with a +0 spear.
* * * LOW HITPOINT WARNING * * *
You hit the gnoll.
You feel better.
The gnoll is heavily wounded.
The gnoll hits you from afar with a +0 spear.
* * * LOW HITPOINT WARNING * * *
The gnoll barely misses you.
You hit the gnoll.
You feel better.
The gnoll is heavily wounded.
The gnoll closely misses you. x2
You hit the gnoll.
You feel better.
The gnoll is almost dead.
The gnoll barely misses you.
The gnoll hits you from afar with a +0 spear.
* * * LOW HITPOINT WARNING * * *
The gnoll hits you from afar with a +0 spear.
You die...

~# #. .... #(~ ....#
.~ .....
####'###....#
#.#....gr... ##.
#.#.#$...#
.....####r#.#....####
.......@ggr..........
.#.######gg......####
............#
####.......##
#######......########
.....................
..##########.........
##...##### #...#


You could see 4 gnolls and 2 rats.

Vanquished Creatures
  A dart slug (D:2)
  2 goblins (D:1)
  A hobgoblin (D:1)
  3 kobolds (D:1)
  2 ball pythons (D:1)
  2 bats (D:1)
  2 frilled lizards (D:1)
  A rat (D:1)
14 creatures vanquished.

Notes
Turn   | Place    | Note
-------+----------+-------------------------------------------
     0 | D:1      | monsoonserge the Demonspawn Monk began the quest for the
                  | Orb.
     0 | D:1      | Reached XP level 1. HP: 18/18 MP: 1/1
   237 | D:1      | Gained mutation: You regenerate a little health from kills.
                  | [demonic ancestry]
   237 | D:1      | Reached XP level 2. HP: 14/23 MP: 2/2
   363 | D:1      | Found Guneorr's Assorted Antiques.
   434 | D:1      | You fall into a shaft and drop 1 floor!
   475 | D:2      | Slain by a gnoll

Illustrated notes

Levels and vault maps discovered:
D:1:      tarquinn_simple_flora_water_b, layout_basic, serial_shops, shop,
          nicolae_shop_stone
D:2:      layout_basic, basic_altar, palyth_stone_intersect,
          kennysheep_generic_room_13

Skill      XL: |  1  2 |
---------------+-------+-----
Long Blades    | 3 |  3.1
Fighting       | |  3.2
Dodging        | |  2.9

Action                     || total
---------------------------++-------
  Melee: Falchion          ||    24
         Dagger            ||    11
         Whip              ||     3
 Armour: Robe              ||     4
  Dodge: Dodged            ||    29
